 Dungeon Crawl Stone Soup version 0.31-a0-204-g7da18cac08 (webtiles) character file.

Game seed: 17705890160656527376

8 qw the Shooter (level 2, -2/16 HPs)
             Began as a Deep Elf Hunter on June 27, 2023.
             Succumbed to a goblin's poison
             ... on level 1 of the Dungeon.
             The game lasted 00:00:03 (83 turns).

qw the Shooter (Deep Elf Hunter)                      Turns: 83, Time: 00:00:04

Health: -2/16      AC:  3    Str:  8    XL:     2   Next: 0%
Magic:  4/4        EV: 12    Int: 13    God:
Gold:   11         SH:  0    Dex: 18    Spells: 1/1 levels left

rFire   . . .        a - +0 shortbow
rCold   . . .        (shield currently unavailable)
rNeg    . . .        c - +0 leather armour
rPois   .            (no helmet)
rElec   .            (no cloak)
rCorr   .            (no gloves)
SInv    .            (no boots)
Will    .....        (no amulet)
Stlth   ++           (no ring)
HPRegen 0.22/turn    (no ring)
MPRegen 0.09/turn

%: no passive effects
@: lethally poisoned (-2 -> -18)
A: no striking features
a: no special abilities


You were on level 1 of the Dungeon.
You visited 1 branch of the dungeon, and saw 1 of its levels.

You collected 11 gold pieces.


   Skills:
 - Level 1.5 Fighting
 + Level 5.9 Ranged Weapons
 - Level 2.4 Dodging
 - Level 1.2 Stealth


You had one spell level left.
You didn't know any spells.
Your spell library was empty.

Inventory:

Hand Weapons
 a - a +0 shortbow (weapon)
Armour
 c - a +0 leather armour (worn)
Scrolls
 b - a scroll of butterflies
Potions
 d - a potion of enlightenment {unknown}
 e - a potion of ambrosia {unknown}

Dungeon Overview and Level Annotations

Branches:
Dungeon (1/15)

Altars:


Message History

You shoot an arrow. The arrow hits the jackal!
You kill the jackal!
The bat closely misses you.
You shoot an arrow. The arrow hits the bat.
The bat is moderately wounded.
The bat closely misses you. The bat hits you.
A rat comes into view.
You shoot an arrow. The arrow closely misses the bat.
The arrow hits the jackal.
The jackal is heavily wounded.
You hear an angry hiss.
The bat barely misses you.
You shoot an arrow. The arrow hits the bat.
You kill the bat!
The jackal closely misses you.
You shoot an arrow. The arrow hits the jackal!
You kill the jackal!
A ball python comes into view.
The ball python moves out of view.
You have reached level 2!
You shoot an arrow. The arrow misses the goblin.
The arrow hits the jackal but does no damage.
The goblin hits you with a +2 dagger of venom.
You are poisoned.
The goblin hits you with a +2 dagger of venom.
You are more poisoned.
You shoot an arrow. The arrow closely misses the goblin.
The arrow closely misses the jackal.
You feel very sick. The goblin closely misses you.
You shoot an arrow. The arrow barely misses the goblin.
The arrow closely misses the jackal.
You feel sick. The goblin closely misses you.
You shoot an arrow. The arrow barely misses the goblin.
The arrow hits the jackal but does no damage.
You feel sick.
The goblin hits you with a +2 dagger of venom.
You are more poisoned.
You shoot an arrow. The arrow hits the goblin.
The goblin is heavily wounded.
You die...

#.#[ ##> #.. ##...
###.. #####....}
.... ..#.(..}..
#..# .....}....
#..#####.#
..........
##.%#......
..<....## #..@gh#
#...####
###.#wb.... #...##
##.# r.... ..}..##
####..# ....
......# #.....#
...
}...}..##...%##.##
.. ..}.......##
#.# . ......###
#.# ####### #.#


You could see a dart slug, a jackal, a goblin, a bat and a rat.

Vanquished Creatures
  A dart slug (D:1)
  2 bats (D:1)
  2 jackals (D:1)
5 creatures vanquished.

Notes
Turn   | Place    | Note
-------+----------+-------------------------------------------
     0 | D:1      | qw the Deep Elf Hunter began the quest for the Orb.
     0 | D:1      | Reached XP level 1. HP: 12/12 MP: 3/3
     0 | D:1      | 0 ||| qw: Version: 0.3-a-22-g0ed2b0b
     0 | D:1      | 0 ||| qw: Game counter: 6459
     0 | D:1      | 0 ||| qw: Melee chars always use a shield: true
     0 | D:1      | 0 ||| qw: God list: Okawaru
     0 | D:1      | 0 ||| qw: Allow faded altars: false
     0 | D:1      | 0 ||| qw: Do Orc after clearing Dungeon:15 true
     0 | D:1      | 0 ||| qw: Do second Lair branch before Depths: true
     0 | D:1      | 0 ||| qw: Lair rune preference: random
     0 | D:1      | 0 ||| qw: Goals: Normal
     0 | D:1      | 0 ||| PLANNING D:1-11
    79 | D:1      | Reached XP level 2. HP: 14/16 MP: 4/4
    82 | D:1      | HP: 2/16 [goblin/+2 dagger of venom (4)]
    83 | D:1      | Succumbed to a goblin's poison

Levels and vault maps discovered:
D:1:      dpeg_arrival_leaves_temple_mockup, layout_rooms

Action                     || total
---------------------------++-------
   Fire: Shortbow          ||    26
 Armour: Leather armour    ||     2
  Dodge: Dodged            ||    11

Table legend:
 A = Non-vault XP
 B = Vault XP
 C = Vault XP percentage of total XP
 D = Non-vault monster count
 E = Vault monster count
 F = Vault count percentage of total count
                 A         B        C        D         E       F
            +---------+---------+-------+---------+---------+-------
      Total |      12 |       0 |   0.0 |       5 |       0 |   0.0
            +---------+---------+-------+---------+---------+-------
        D:1 |      12 |       0 |   0.0 |       5 |       0 |   0.0
            +---------+---------+-------+---------+---------+-------
